 Dungeon Crawl Stone Soup version 0.22-a0-877-g5c4e1af (webtiles) character file.

191 prawnwizard the Slasher (level 5, -10/41 HPs)
             Began as a Demonspawn Gladiator on July 29, 2018.
             Splashed by Ijyb's acid (11 damage)
             ... on level 4 of the Dungeon.
             The game lasted 00:04:34 (3890 turns).

prawnwizard the Slasher (Demonspawn Gladiator)      Turns: 3890, Time: 00:04:34

Health: -10/41     AC:  6    Str: 16    XL:     5   Next: 41%
Magic:  5/5        EV:  8    Int:  9    God:
Gold:   142        SH:  0    Dex: 14    Spells: 4/4 levels left

rFire    . . .     SeeInvis .   a - +0 long sword
rCold    . . .     Gourm    +   (no shield)
rNeg     + . .     Faith    .   k - +0 chain mail
rPois    .         Spirit   .   c - +0 helmet
rElec    .         Reflect  .   (no cloak)
rCorr    .         Harm     .   q - +0 pair of gloves
MR       .....                  (no boots)
Stlth    ..........             g - amulet of the gourmand
HPRegen  0.13/turn              m - ring of positive energy
MPRegen  0.09/turn              (no ring)

@: corroded
A: rot immunity
a: no special abilities


You were on level 4 of the Dungeon.
You were completely stuffed.

You visited 1 branch of the dungeon, and saw 4 of its levels.

You collected 142 gold pieces.

Inventory:

Hand Weapons
 a - a +0 long sword (weapon)
Missiles
 d - 3 throwing nets (quivered)
Armour
 c - a +0 helmet (worn)
 k - a +0 chain mail (worn)
 q - a +0 pair of gloves (worn)
Jewellery
 g - an amulet of the gourmand (around neck)
 m - a ring of positive energy (left hand)
Scrolls
 b - 2 scrolls of remove curse {unknown}
 e - 2 scrolls of fear {unknown}
 h - 3 scrolls of amnesia {unknown}
 j - 2 scrolls of identify {unknown}
 o - 3 scrolls of enchant weapon {unknown}
 s - a scroll of fog {unknown}
 t - a scroll of blinking {unknown}
Potions
 i - 2 potions of flight {unknown}
 l - 3 potions of haste {unknown}
 n - a potion of curing {unknown}
 p - 3 potions of heal wounds {unknown}
 r - a potion of might {unknown}
Comestibles
 f - 8 rations


   Skills:
 + Level 3.2 Fighting
 * Level 4.4 Long Blades
 - Level 1.7 Throwing
 + Level 3.6 Dodging


You had 4 spell levels left.
You didn't know any spells.
Your spell library contained the following spells:

 Spells                   Type           Power        Failure   Level  Hunger
 Magic Dart               Conj           #...         100%        1    ##.....
 Conjure Flame            Conj/Fire      #.......     100%        3    ####...
 Slow                     Hex            #.......     100%        2    ###....
 Mephitic Cloud           Conj/Pois/Air  #.......     100%        3    ####...
 Blink                    Tloc           N/A          100%        2    ###....
 Call Imp                 Summ           #.......     100%        2    ###....


Dungeon Overview and Level Annotations

Branches:
Dungeon (4/15)
 Temple: D:4-7

Altars:
Hepliaklqana
Okawaru
Trog
Uskayaw
Vehumet
Yredelemnul

Annotations:
D:2 2 transporters
D:4 Ijyb


Innate Abilities, Weirdness & Mutations

You are immune to rotting.


Message History

An orc and an ogre come into view.
The orc shouts!
The ogre shouts!
You hear a shout!
Ijyb zaps a wand.
The bolt of acid misses you.
It is a wand of acid (11).
You open the door.
There is an open door here.
You barely miss Ijyb. Ijyb closely misses you.
You riposte.
You closely miss Ijyb. You hit Ijyb.
Ijyb is lightly wounded.
Ijyb hits you but does no damage.
You hit Ijyb but do no damage.
Ijyb is lightly wounded.
Ijyb barely misses you.
You riposte.
Your chain mail prevents you from hitting Ijyb.
You closely miss Ijyb.
Ijyb zaps a wand.
The bolt of acid hits you!
You are splashed with acid!
The acid burns!
Ijyb zaps a wand.
The bolt of acid hits you!
* * * LOW HITPOINT WARNING * * *
The acid corrodes you!
You are splashed with acid!
The acid burns!
You die...

.. #.# ...##
##..#+##############
....................
##.....############
#<......# #@....#.#
#.....#.# ..
#######g###.# #. #..
#......o....# #.#
#.o. #.o.....###+#
#.# #...###.....###
#.# .........g.##
#.# ........O..# #.#
...........# #.###


You could see Ijyb and an orc.

Vanquished Creatures
  Jessica (D:2)
  5 adders
  4 oozes
  An adder skeleton (D:3)
  2 worms (D:2)
  3 leopard geckos
  3 orcs (D:3)
  3 ball pythons
  9 bats
  4 giant cockroaches
  11 goblins
  15 hobgoblins
  4 jackals (D:1)
  5 kobolds
  A quokka (D:2)
  7 frilled lizards
  6 rats
  A spectral orc (D:2)
85 creatures vanquished.

Notes
Turn   | Place    | Note
-------+----------+-------------------------------------------
     0 | D:1      | prawnwizard the Demonspawn Gladiator began the quest for the Orb.
     0 | D:1      | Reached XP level 1. HP: 16/16 MP: 1/1
   126 | D:1      | Reached skill level 3 in Long Blades
   127 | D:1      | Gained mutation: You are immune to rotting. [demonic ancestry]
   127 | D:1      | Reached XP level 2. HP: 11/22 MP: 2/2
   720 | D:1      | Reached XP level 3. HP: 28/28 MP: 3/3
  1587 | D:2      | Noticed a steam dragon
  1590 | D:2      | Found a bloodstained altar of Trog.
  1591 | D:2      | Found a transporter.
  1641 | D:2      | Found a transporter.
  1725 | D:2      | Reached XP level 4. HP: 26/34 MP: 4/4
  1798 | D:2      | Found a bloodstained altar of Trog.
  2056 | D:2      | Found a basalt altar of Yredelemnul.
  2127 | D:2      | Noticed Jessica
  2141 | D:2      | Killed Jessica
  2141 | D:2      | Reached skill level 4 in Long Blades
  2999 | D:3      | Reached XP level 5. HP: 38/41 MP: 5/5
  3016 | D:3      | Found a hazy altar of Hepliaklqana.
  3247 | D:3      | Found an iron altar of Okawaru.
  3750 | D:4      | Found a hide-covered altar of Uskayaw.
  3750 | D:4      | Noticed a hand axe
  3750 | D:4      | Noticed a hand axe
  3754 | D:4      | Found a radiant altar of Vehumet.
  3872 | D:4      | Noticed Ijyb
  3873 | D:4      | Noticed an ogre
  3890 | D:4      | HP: 1/41 [Ijyb/wand of acid (10) (12)]
  3890 | D:4      | Splashed by Ijyb's acid

Vault maps used:
D:1:      ncdulo_smallfort
D:2:      yredelemnul_forgotten_temple_becter, gammafunk_temple_overflow_arena,
          trog_hazing_becter, uniq_jessica
D:3:      nicolae_overflow_hidden_temple, overflow_temple_1_default
D:4:      dancing_weapons_uskayaw, vehumet_crystals,
          gammafunk_temple_overflow_pools, ebering_ghost_sewer_f, uniq_grinder,
          uniq_edmund, uniq_ijyb

Skill      XL: |  1  2  3  4 |
---------------+-------------+-----
Long Blades    | 3 4 |  4.4
Dodging        | 3 |  3.6
Fighting       | 3 |  3.2
Throwing       | |  1.7

Action                   |  1- 3 |  4- 6 || total
-------------------------+-------+-------++-------
Melee: Long sword        |   162 |   121 ||   283
  Eat: Chunk             |    25 |     7 ||    32
Armor: Leather armour    |    24 |       ||    24
       Chain mail        |    68 |   102 ||   170
Dodge: Dodged            |    90 |    69 ||   159
       Rpst.: Long sword |    28 |    21 ||    49

Table legend:
 A = Spawn XP
 B = Non-spawn XP
 C = Spawn XP percentage of total XP
 D = Spawn monster count
 E = Non-spawn monster count
 F = Spawn count percentage of total count
 G = Total turns spent on level
                    A         B        C        D         E        F      G
               +---------+---------+-------+---------+---------+-------+---------
         Total |       0 |     273 |   0.0 |       0 |      85 |   0.0 |  3890
               +---------+---------+-------+---------+---------+-------+---------
           D:1 |       0 |      64 |   0.0 |       0 |      33 |   0.0 |  1173
           D:2 |       0 |     107 |   0.0 |       0 |      29 |   0.0 |  1548
           D:3 |       0 |      86 |   0.0 |       0 |      21 |   0.0 |  1029
           D:4 |       0 |      16 |   0.0 |       0 |       2 |   0.0 |   140
               +---------+---------+-------+---------+---------+-------+---------
